 Dungeon Crawl Stone Soup version 0.32-a0-699-g1ee5eff69a (webtiles) character file.

Game seed: 12520745901024612585

14 Alarak the Digger (level 2, 0/15 HPs)
             Began as a Gargoyle Earth Elementalist on Mar 14, 2024.
             Slain by a frilled lizard (2 damage)
             ... on level 1 of the Dungeon.
             The game lasted 00:00:35 (132 turns).

Alarak the Digger (Gargoyle Earth Elementalist)      Turns: 132, Time: 00:00:36

Health: 0/15       AC:  4    Str: 11    XL:     2   Next: 41%
Magic:  1/5        EV: 11    Int: 15    God:
Gold:   26         SH:  0    Dex: 10    Spells: 5/6 levels left

rFire   . . .        c - +0 flail
rCold   . . .        (no shield)
rNeg    + . .        a - +0 robe
rPois   ∞            (no helmet)
rElec   +            (no cloak)
rCorr   .            (no gloves)
SInv    .            (no boots)
Will    .....        (no amulet)
Stlth   ++           (no ring)
HPRegen 0.22/turn    (no ring)
MPRegen 0.09/turn

%: no passive effects
@: no status effects
A: sickness immunity, AC +2, negative energy resistance 1, electricity
resistance, torment resistance 1, petrification resistance
a: no special abilities


You were on level 1 of the Dungeon.
You visited 1 branch of the dungeon, and saw 1 of its levels.

You collected 26 gold pieces.

Inventory:

Hand Weapons
 c - a +0 flail (weapon)
Armour
 a - a +0 robe (worn)
Potions
 b - a potion of magic


   Skills:
 - Level 1.5 Dodging
 - Level 2.1 Stealth
 + Level 2.8 Spellcasting
 - Level 1.1 Conjurations
 - Level 3.6 Earth Magic


You had 5 spell levels left.
You knew the following spells:

 Your Spells              Type           Power      Damage    Failure   Level
a - Sandblast             Erth           26%        2d8       4%          1

Your spell library contained the following spells:

 Spells                   Type           Power      Damage    Failure   Level
 Passwall                 Erth           13%        N/A       14%         3
 Stone Arrow              Conj/Erth      18%        3d8       22%         3
 Brom's Barrelling Bould  Conj/Erth      9%         2d3       58%         4
 Petrify                  Alch/Erth      7%         N/A       67%         4


Dungeon Overview and Level Annotations

Branches:
Dungeon (1/15)

Altars:


Innate Abilities, Weirdness & Mutations

You are immune to sickness and miasma.
Your stone body is resilient. (AC +2)
You are immune to poison.
You resist negative energy. (rN+)
You are resistant to electric shocks. (rElec)
You are resistant to unholy torment.
You are immune to petrification.


Message History

A goblin is nearby!
The blast of sand misses the goblin.
The goblin misses you.
The blast of sand hits the goblin!
You kill the goblin!
The blast of sand hits the frilled lizard!
You kill the frilled lizard!
A frilled lizard is nearby!
You are out of magic!
You miss the frilled lizard. The frilled lizard barely misses you.
An endoplasm comes into view.
The frilled lizard barely misses you.
You barely miss the frilled lizard.
The endoplasm quivers.
The frilled lizard bites you but does no damage.
The blast of sand misses the frilled lizard.
The frilled lizard closely misses you.
The frilled lizard hisses.
The frilled lizard bites you. The endoplasm hits you.
You hit the endoplasm but do no damage. The frilled lizard closely misses you.
The endoplasm freezes you.
You are frozen.
You hit the endoplasm.
The endoplasm is moderately wounded.
The frilled lizard barely misses you. The endoplasm freezes you.
You are frozen.
The endoplasm freezes you.
You are frozen.
* * * LOW HITPOINT WARNING * * *
The frilled lizard bites you.
* * * LOW HITPOINT WARNING * * *
You are too injured to fight recklessly!
You hit the endoplasm.
You kill the endoplasm!
The frilled lizard closely misses you. The frilled lizard barely misses you.
You barely miss the frilled lizard.
The frilled lizard bites you but does no damage.
You closely miss the frilled lizard. The frilled lizard bites you.
You die...

.# # .# # ..###
######.#.# .....
=.....#.# ......
........ .....###....#
#...#....# #l@....+
.......#.....#
...†..#)#....#######.
#....#..#..##†.......
l#.(#....#.##........
.[##(....#.##........
.# .
#$....#.##........ ...
.#:...#.##.#########..
...#..
..#.............


You could see a frilled lizard.

Vanquished Creatures
  A dart slug (D:1)
  2 bats (D:1)
  2 endoplasms (D:1)
  2 goblins (D:1)
  A hobgoblin (D:1)
  A quokka (D:1)
  A frilled lizard (D:1)
10 creatures vanquished.

Notes
Turn   | Place    | Note
-------+----------+-------------------------------------------
     0 | D:1      | Alarak the Gargoyle Earth Elementalist began the quest for
                  | the Orb.
     0 | D:1      | Reached XP level 1. HP: 10/10 MP: 3/3
    52 | D:1      | Reached XP level 2. HP: 15/15 MP: 0/5
   132 | D:1      | Slain by a frilled lizard

Illustrated notes

Levels and vault maps discovered:
D:1:      minmay_arrival_five_plusses, layout_basic,
          shapermc_ecumenical_altar_mp_ritualfount, minmay_circled_x

Action                     || total
---------------------------++-------
  Melee: Flail             ||     8
   Cast: Sandblast         ||    11
 Armour: Robe              ||     6
  Dodge: Dodged            ||     8

Table legend: (Time is in decaauts)
 A = Elapsed time spent in this place.
 B = Non-inter-level travel time spent in this place.
 C = Inter-level travel time spent in this place.
 D = Time resting spent in this place.
 E = Time spent auto-exploring this place.
 F = Levels seen in this place.
 G = Mean time per level.
                   A        B        C        D        E       F      G
               +--------+--------+--------+--------+--------+-----+--------+
         Total |    139 |    133 |      6 |     27 |     62 |   1 |  139.0 |
       Dungeon |    139 |    133 |      6 |     27 |     62 |   1 |  139.0 |
               +--------+--------+--------+--------+--------+-----+--------+

Top non-repeatable levels by time:
     D:1: 139 daAuts
